 Dungeon Sprint DCSS version 0.28-a0-1356-g2ad6d04315 (webtiles) character file.

Game seed: 10197943497249199841

93 mhtbhm the Cudgeller (level 4, -2/40 HPs)
             Began as a Human Berserker on Dec 30, 2021.
             Was a Believer of Trog.
             Slain by a phantom (5 damage)
             ... in the Dungeon (Sprint IX: "|||||||||||||||||||||||||||||").
             The game lasted 00:00:20 (188 turns).

mhtbhm the Cudgeller (Human Berserker)               Turns: 188, Time: 00:00:20

Health: -2/40      AC:  2    Str: 19    XL:     4   Next: 92%
Magic:  4/4        EV: 13    Int:  7    God:    Trog [**....]
Gold:   0          SH:  0    Dex: 13    Spells: 3/3 levels left

rFire   . . .      SeeInvis .   a - +0 mace
rCold   . . .      Faith    .   (no shield)
rNeg    . . .      Spirit   .   b - +0 animal skin
rPois   .          Reflect  .   (no helmet)
rElec   .          Harm     .   (no cloak)
rCorr   .          Rampage  .   (no gloves)
Will    .....      NoTele   +   (no boots)
Stlth   ++........              (no amulet)
HPRegen 0.13/turn               (no ring)
MPRegen 0.09/turn               (no ring)

@: on berserk cooldown, slowed, very slow
A: no striking features
a: Renounce Religion, Berserk, Trog's Hand


You were in the Dungeon.
You worshipped Trog.
Trog was pleased with you.
You visited 1 branch

Inventory:

Hand Weapons
 a - a +0 mace (weapon)
Armour
 b - a +0 animal skin (worn)
Scrolls
 h - a scroll of blinking
Potions
 e - a potion of haste
 f - 2 potions of magic
 g - a potion of berserk rage


   Skills:
 + Level 5.7 Fighting
 + Level 6.5 Maces & Flails
 + Level 3.2 Armour
 + Level 3.4 Dodging
 + Level 1.2 Stealth


You had 3 spell levels left.
You didn't know any spells.
Your spell library was empty.

Dungeon Overview and Level Annotations

Branches:
Dungeon (1/1)

Altars:


Message History

The phantom is moderately damaged.
The phantom hits you. The phantom completely misses you.
You hit the phantom.
The phantom is moderately damaged.
The phantom misses you. The phantom completely misses you.
You barely miss the phantom.
The phantom is moderately damaged.
The phantom closely misses you.
You hit the phantom.
The phantom is heavily damaged.
The phantom closely misses you. The phantom misses you.
You hit the phantom.
The phantom is severely damaged.
The phantom hits you! The phantom hits you.
* * * LOW HITPOINT WARNING * * *
You barely miss the phantom.
The phantom is severely damaged.
The phantom hits you.
* * * LOW HITPOINT WARNING * * *
You miss the phantom.
The phantom is severely damaged.
The phantom barely misses you. The phantom hits you.
* * * LOW HITPOINT WARNING * * *
You closely miss the phantom.
The phantom is severely damaged.
The phantom misses you. The phantom completely misses you.
Unknown command.
You feel better. The phantom hits you.
* * * LOW HITPOINT WARNING * * *
You closely miss the phantom.
The phantom is severely damaged.
The phantom barely misses you. The phantom closely misses you.
You miss the phantom.
The phantom is severely damaged.
The phantom hits you.
* * * LOW HITPOINT WARNING * * *
You closely miss the phantom.
The phantom is severely damaged.
The phantom hits you.
You die...

▓+▓
▓.▓
▓.▓
▓.▓
▓Z▓
▓Z▓
▓W▓
▓@▓
▓.▓
▓.▓
▓.▓
▓)▓
▓'▓
▓.▓
▓.▓
▓.▓


You could see a phantom, a jackal zombie and a quokka skeleton.

Vanquished Creatures
  A scorpion (D)
  An iguana (D)
  A ball python (D)
  3 endoplasms (D)
  A kobold (D)
7 creatures vanquished.

Notes
Turn   | Place    | Note
-------+----------+-------------------------------------------
     0 | D        | mhtbhm the Human Berserker began the quest for the Orb.
     0 | D        | Reached XP level 1. HP: 18/18 MP: 1/1
    11 | D        | Reached ** piety under Trog
    23 | D        | Reached XP level 2. HP: 19/25 MP: 2/2
   157 | D        | Noticed a phantom
   157 | D        | Noticed a scorpion
   161 | D        | Killed a scorpion
   162 | D        | Reached skill level 5 in Fighting
   162 | D        | Reached skill level 5 in Maces & Flails
   162 | D        | Reached skill level 1 in Stealth
   162 | D        | Reached XP level 3. HP: 33/33 MP: 3/3
   162 | D        | Reached XP level 4. HP: 39/39 MP: 4/4
   169 | D        | Reached skill level 6 in Maces & Flails
   188 | D        | Slain by a phantom

Illustrated notes

Levels and vault maps discovered:
D:        linesprint [early_d, line_temple, items_1, d_10, items_2, lair_1,
          lair_end, items_3, orc_1, orc_end, items_4, d_15, swamp_1, shoals_1,
          snake_1, spider_1, d_20, vaults_1, items_5, swamp_end, shoals_end,
          snake_end, spider_end, vaults_end, d_27, items_6, zot_1, zot_end,
          crypt_end, forest_end, elf_end, slime_end, tomb_end, abyss_end,
          pan_hell_end]

Skill      XL: |  1  2  3  4 |
---------------+-------------+-----
Fighting       | 5 |  5.7
Maces & Flails | 5 6 |  6.5
Armour         | 3 |  3.2
Dodging        | 3 |  3.4
Stealth        | 1 |  1.2

Action                   |  1- 3 |  4- 6 || total
-------------------------+-------+-------++-------
Melee: Mace              |    20 |    20 ||    40
Invok: Berserk           |     2 |       ||     2
  Use: Potion            |       |     2 ||     2
 Stab: Sleeping          |     1 |       ||     1
Armor: Animal skin       |     1 |       ||     1
Dodge: Dodged            |    12 |    18 ||    30

Table legend: (Time is in decaauts)
 A = Elapsed time spent in this place.
 B = Non-inter-level travel time spent in this place.
 C = Inter-level travel time spent in this place.
 D = Time resting spent in this place.
 E = Time spent auto-exploring this place.
 F = Levels seen in this place.
 G = Mean time per level.
                   A        B        C        D        E       F      G
               +--------+--------+--------+--------+--------+-----+--------+
         Total |    212 |    212 |      0 |    147 |      3 |   1 |  212.0 |
       Dungeon |    212 |    212 |      0 |    147 |      3 |   1 |  212.0 |
               +--------+--------+--------+--------+--------+-----+--------+

Top non-repeatable levels by time:
       D: 212 daAuts
